 Dungeon Crawl Stone Soup version 0.30.0-19-g36f170ea60 (webtiles) character file.

Game seed: 14061738308470115489

511 Graphine the Ducker (level 7, -6/57 HPs)
             Began as a Merfolk Monk on May 29, 2023.
             Killed from afar by Dowan (20 damage)
             ... with a shard of ice
             ... on level 4 of the Dungeon.
             The game lasted 00:09:49 (3008 turns).

Graphine the Ducker (Merfolk Monk)                  Turns: 3008, Time: 00:09:52

Health: -6/57      AC:  3    Str: 11    XL:     7   Next: 19%
Magic:  7/7        EV: 15    Int: 10    God:
Gold:   238        SH:  0    Dex: 18    Spells: 6/6 levels left

rFire   . . .        a - +1 falchion
rCold   . . .        (no shield)
rNeg    . . .        g - +0 leather armour
rPois   .            (no helmet)
rElec   .            (no cloak)
rCorr   .            (no gloves)
SInv    .            (no boots)
Will    +....        (no amulet)
Stlth   +            i - +4 ring of slaying
HPRegen 0.29/turn    n - ring of willpower
MPRegen 0.10/turn

%: no passive effects
@: no status effects
A: (nimble swimmer 2), mertail
a: no special abilities


You were on level 4 of the Dungeon.
You visited 1 branch of the dungeon, and saw 4 of its levels.

You collected 238 gold pieces.

Inventory:

Hand Weapons
 a - a +1 falchion (weapon)
Missiles
 s - 2 javelins (quivered)
Armour
 d - an orb of light
 g - a +0 leather armour (worn)
 o - a +0 tower shield
Magical Staves
 r - a staff of fire
Jewellery
 i - a +4 ring of slaying (left hand)
 n - a ring of willpower (right hand)
Scrolls
 f - 3 scrolls of fear
 j - a scroll of teleportation
 k - a scroll of noise
Potions
 b - a potion of flight
 c - a potion of ambrosia
 e - a potion of berserk rage {unknown}
 h - a potion of curing {unknown}
 m - 2 potions of might {unknown}
 p - a potion of lignification {unknown}


   Skills:
 * Level 5.7 Fighting
 * Level 6.2 Long Blades
 * Level 6.8 Dodging


You had 6 spell levels left.
You didn't know any spells.
Your spell library contained the following spells:

 Spells                   Type           Power      Damage    Failure   Level
 Blink                    Tloc           0%         N/A       58%         2
 Lesser Beckoning         Tloc           0%         N/A       58%         2
 Momentum Strike          Conj/Tloc      0%         3d8       58%         2
 Gell's Gravitas          Tloc           0%         N/A       83%         3
 Inner Flame              Hex/Fire       0%         N/A       83%         3
 Teleport Other           Tloc           0%         N/A       83%         3
 Flame Wave               Conj/Fire      0%         2d4       99%         4
 Sticky Flame             Conj/Fire      0%         2d3       99%         4
 Dispersal                Tloc           0%         N/A       100%        6


Dungeon Overview and Level Annotations

Branches:
Dungeon (4/15)
 Temple: D:4-7

Altars:
Okawaru
Qazlal

Shops:
D:3 (

Annotations:
D:4 Dowan


Innate Abilities, Weirdness & Mutations

((You are very nimble when in or above water. (Stealth+, EV+, Speed+++)))
Your lower body shifts to a powerful aquatic tail in water.


Message History

You hit Duvessa.
Duvessa is severely wounded.
Duvessa hits you with a +0 rapier. Dowan barely misses you.
Hit: a) +1 falchion
Press: ? - help, Dir - move target, f/p - Duvessa
Aim: Duvessa, wielding a +0 rapier and wearing a +0 chain mail (severely wounded, about 21% to evade your +1 falchion)
You closely miss Duvessa.
Duvessa is severely wounded.
Duvessa hits you with a +0 rapier!
* * * LOW HITPOINT WARNING * * *
Dowan hits you with a +0 dagger.
* * * LOW HITPOINT WARNING * * *
You are confused.
You feel invigorated. Duvessa completely misses you. Dowan barely misses you.
There is a stone staircase leading down here.
Duvessa hits you with a +0 rapier.
Dowan gestures wildly while chanting.
Dowan blinks!
You're too confused to move!
Duvessa misses you.
There is a stone staircase leading down here.
You bump into the rock wall.
Duvessa barely misses you.
You bump into the rock wall.
Duvessa hits you with a +0 rapier!
Dowan mumbles some strange words.
Dowan blinks!
You slash Duvessa!
Duvessa is almost dead.
Duvessa hits you with a +0 rapier!
You feel less invigorated.
You feel less confused.
You hit Duvessa but do no damage. You punch Duvessa, but do no damage.
Duvessa is almost dead.
Duvessa hits you with a +0 rapier!
* * * LOW HITPOINT WARNING * * *
You hit Duvessa.
You kill Duvessa!
Dowan screams, "No!
No!"
Dowan seems to find hidden reserves of power!
Dowan points at you and mumbles some strange words.
The shard of ice hits you!!
You die...

## .# ###(. .#
...#. .. #.#... .#
#.#... .# #.#..# .#
#########.#..###.#
#......##.#..e>@)#
#.####.##.#..#####
##.# #.##.#ยง.#
...# #.......# ...#
####.#e......
#.#######....######
.............#
#########...##
#####


You could see Dowan (fast).

Vanquished Creatures
  Sigmund (D:3)
  Duvessa (D:4)
  An orc priest (D:3)
  Natasha (thrice) (D:2)
  3 orc wizards (D:3)
  Robin (D:3)
  4 adders
  3 gnolls (D:2)
  2 worms
  2 dart slugs
  6 orcs (D:3)
  4 bats
  7 endoplasms
  12 goblins
  6 hobgoblins
  8 jackals
  2 ball pythons
  7 frilled lizards
  4 kobolds
  4 rats
81 creatures vanquished.

Notes
Turn   | Place    | Note
-------+----------+-------------------------------------------
     0 | D:1      | Graphine the Merfolk Monk began the quest for the Orb.
     0 | D:1      | Reached XP level 1. HP: 18/18 MP: 1/1
   408 | D:1      | Reached XP level 2. HP: 24/24 MP: 2/2
   812 | D:2      | Reached XP level 3. HP: 18/30 MP: 3/3
   919 | D:2      | Noticed Natasha
   925 | D:2      | Killed Natasha
   926 | D:2      | Reached XP level 4. HP: 37/37 MP: 4/4
   985 | D:2      | Reached skill level 5 in Dodging
  1441 | D:2      | Noticed Natasha
  1448 | D:2      | Killed Natasha
  1449 | D:2      | Reached XP level 5. HP: 43/43 MP: 5/5
  1584 | D:2      | Noticed Natasha
  1595 | D:2      | Killed Natasha
  1596 | D:2      | Reached skill level 5 in Long Blades
  1843 | D:3      | Reached XP level 6. HP: 12/50 MP: 6/6
  1845 | D:3      | HP: 2/50 [orc/+0 dagger (1)]
  1846 | D:3      | Reached skill level 5 in Fighting
  2078 | D:3      | Noticed Sigmund
  2085 | D:3      | Killed Sigmund
  2154 | D:3      | Reached XP level 7. HP: 52/56 MP: 7/7
  2172 | D:3      | Found Paaxaul's Weapon Boutique.
  2367 | D:3      | Found a stormy altar of Qazlal.
  2403 | D:3      | Found an iron altar of Okawaru.
  2566 | D:3      | Noticed Robin
  2597 | D:3      | Killed Robin
  2985 | D:4      | Noticed Duvessa
  2988 | D:4      | Noticed Dowan
  3008 | D:4      | Killed Duvessa
  3008 | D:4      | Killed from afar by Dowan

Illustrated notes

Levels and vault maps discovered:
D:1:      erik_arrival_orb_chamber, layout_loops_ring, serial_bayou_pond_c
D:2:      layout_loops_ring, kennysheep_nub, palyth_stone_intersect,
          uniq_natasha
D:3:      layout_loops_cross, mainiacjoe_overflow_catch_the_wave, serial_shops,
          shop, guppyfry_early_lair_pool, uniq_robin, uniq_sigmund
D:4:      layout_loops_ring, serial_shops, kennysheep_little_box,
          kennysheep_boxes, uniq_duvessa

Skill      XL: |  1  2  3  4  5  6 |
---------------+-------------------+-----
Long Blades    | 4 5 6 |  6.2
Fighting       | 4 5 |  5.7
Dodging        | 5 6 |  6.8

Action                     |  1- 3 |  4- 6 |  7- 9 || total
---------------------------+-------+-------+-------++-------
  Melee: Falchion          |    30 |    40 |    44 ||   114
         Tailslap          |       |       |     1 ||     1
         Punch             |       |       |     1 ||     1
  Throw: Javelin           |    17 |    27 |    27 ||    71
    Use: Scroll            |       |     9 |       ||     9
         Potion            |       |       |     2 ||     2
 Armour: Leather armour    |     8 |     6 |     6 ||    20
  Dodge: Dodged            |    43 |    12 |    24 ||    79
  Block: Tower shield      |       |    21 |    22 ||    43
